Map: Coda LE (Void)

Players

Javert - Winner!

  • Race: Zerg Zerg
  • League: Grandmaster

SlayerSBoxeR

  • Race: Protoss Protoss
  • League: Grandmaster

VOD

Have the link to the VOD?

Description

Time

  • Played on: June 22, 2015, 1:15 a.m.
  • Length: 9:30
Show
View Real Time Build Order
Export as new Build Order

Javert Zerg - Winner!

Build Orders: Hatch First 

Get SALT Encoding   

  12  0:01  Drone  
  13  0:13  Overlord  
  13  0:18  Drone  
  14  0:31  Drone x2  
  16  0:50  Hatchery  
  16  0:53  Drone  
  16  0:59  Drone, Extractor  
  16  1:05  Drone  
  17  1:25  Drone, Spawning Pool  
  17  1:28  Drone  
  18  1:33  Drone  
  19  1:42  Overlord  
  19  1:51  Drone  
  20  2:01  Drone  
  20  2:06  Drone  
  22  2:11  Queen  
  22  2:13  Queen  
  26  2:17  Metabolic Boost  
  26  2:24  Zergling x4  
  26  2:27  Zergling x2  
  29  2:33  Zergling x4  
  29  2:36  Drone  
  32  2:44  Drone  
  32  2:46  Overlord  
  33  3:00  Drone  
  33  3:01  Drone  
  35  3:07  Drone  
  35  3:08  Drone  
  37  3:17  Drone  
  38  3:24  Drone  
  39  3:32  Drone x5  
  44  3:41  Overlord  
  44  3:44  Overlord  
  43  4:03  Drone x5  
  43  4:04  Drone  
  48  4:19  Overlord x2  
  46  4:28  Zergling x2  
  46  4:29  Zergling x12  
  53  4:42  Extractor  
  53  4:44  Lair, Hatchery, Extractor x2  
  48  4:50  Zergling x6  
  51  4:57  Spore Crawler  
  51  4:59  Spore Crawler  
  49  5:00  Drone x2  
  47  5:32  Drone x7  
  54  5:37  Baneling Nest  
  54  5:39  Drone x3  
  56  5:47  Drone  
  56  5:48  Drone x5  
  61  6:16  Roach Warren  
  56  6:22  Centrifical Hooks  
  56  6:24  Overlord x2  
  55  6:27  Extractor  
  55  6:28  Spore Crawler, Queen  
  55  6:29  Extractor  
  54  6:35  Hydralisk Den  
  54  6:36  Evolution Chamber  
  54  6:38  Overlord x2  
  54  6:39  Evolution Chamber, Overlord  
  51  6:52  Drone x6  
  51  6:53  Drone x9  
  66  6:59  Glial Reconstitution  
  66  7:03  Zerg Missile Weapons Level 1  
  66  7:05  Zerg Ground Armor Level 1  
  66  7:06  Muscular Augments  
  66  7:08  Roach  
  66  7:09  Roach x5  
  66  7:12  Overseer  
  78  7:20  Spine Crawler x3, Hydralisk x3  
  81  7:26  Hydralisk x3  
  81  7:27  Spore Crawler  
  86  7:40  Hydralisk x2  
  86  7:41  Hydralisk x4  
  98  7:53  Overseer x3  
  98  8:02  Overlord x2  
  96  8:09  Burrow  
  96  8:11  Roach x2  
  98  8:21  Overlord x2  
  98  8:29  Overseer  
  98  8:32  Roach x8  
  112  8:46  Ravager  
  112  8:47  Ravager x4  
  115  8:49  Roach x3  
  115  8:52  Drone x2  
  115  8:55  Overlord x3  
  98  9:13  Overseer x2  
  98  9:14  Overseer  
Show
View Real Time Build Order
Export as new Build Order

SlayerSBoxeR Protoss 

Build Orders: Nexus First 

Get SALT Encoding   

  12  0:01  Probe  
  13  0:13  Probe  
  14  0:20  Pylon  
  14  0:38  Probe  
  15  0:59  Nexus  
  15  1:00  Probe  
  16  1:12  Gateway  
  16  1:15  Probe  
  17  1:27  Probe  
  18  1:34  Assimilator  
  18  1:38  Assimilator  
  18  1:43  Probe (Chrono Boost)  
  19  1:49  Pylon  
  19  1:52  Probe (Chrono Boost)  
  20  2:05  Probe (Chrono Boost)  
  21  2:09  Cybernetics Core  
  21  2:12  Probe (Chrono Boost)  
  22  2:17  Probe (Chrono Boost)  
  22  2:22  Probe (Chrono Boost)  
  24  2:25  Probe (Chrono Boost), Zealot (Chrono Boost)  
  24  2:29  Probe  
  28  2:34  Probe  
  29  2:41  Probe (Chrono Boost)  
  30  2:46  Probe (Chrono Boost), Warp Gate  
  30  2:47  Zealot (Chrono Boost)  
  36  2:58  Mothership Core (Chrono Boost)  
  36  3:00  Probe (Chrono Boost)  
  36  3:06  Probe (Chrono Boost)  
  37  3:14  Zealot  
  37  3:19  Pylon  
  39  3:44  Stargate  
  39  3:46  Gateway  
  39  3:49  Probe (Chrono Boost)  
  39  3:50  Gateway  
  39  3:52  Assimilator  
  39  3:55  Probe (Chrono Boost), Assimilator  
  41  3:58  Pylon  
  41  4:02  Probe (Chrono Boost)  
  33  4:25  Probe (Chrono Boost)  
  33  4:29  Phoenix (Chrono Boost)  
  37  4:31  Probe (Chrono Boost)  
  37  4:35  Probe (Chrono Boost)  
  39  4:39  Probe (Chrono Boost)  
  38  4:50  Probe (Chrono Boost)  
  40  4:53  Probe (Chrono Boost)  
  41  5:01  Probe (Chrono Boost)  
  41  5:03  Phoenix  
  43  5:08  Probe  
  43  5:11  Probe  
  45  5:20  Probe  
  40  5:36  Zealot x2  
  40  5:37  Zealot  
  40  5:42  Phoenix  
  41  5:57  Twilight Council  
  41  6:02  Probe x2 (Chrono Boost)  
  43  6:05  Gateway  
  43  6:08  Gateway  
  43  6:11  Probe (Chrono Boost)  
  39  6:21  Phoenix  
  41  6:31  Adept  
  41  6:32  Adept x2  
  47  6:34  Charge  
  47  6:36  Probe (Chrono Boost)  
  49  6:41  Probe (Chrono Boost)  
  50  6:47  Probe (Chrono Boost)  
  50  6:50  Probe (Chrono Boost), Dark Shrine  
  50  6:53  Probe  
  52  6:57  Pylon  
  52  7:00  Probe  
  53  7:05  Probe  
  54  7:12  Probe  
  55  7:17  Zealot x3  
  55  7:18  Zealot  
  63  7:24  Probe  
  64  7:36  Zealot  
  66  7:47  Pylon  
  66  7:48  Pylon  
  66  8:10  Dark Templar x3  
  66  8:11  Dark Templar x2  
  76  8:14  Archon  
  76  8:15  Archon  
  76  8:30  Pylon  
  76  8:37  Stalker x4  
  79  8:51  Dark Templar  
  81  8:56  Archon  
  69  9:09  Dark Templar x2  
Tags
 
Add a new tag
Caveats
  • Supply blocks, unpowered buildings, or Contaminate may cause inaccurate times.
  • Supply counts are checked every 10 seconds.